Map: Eflorescencia EE

Players

kakashi

  • Race: Terran Terran
  • League: Silver
  • Spawn Location: 6:00

Reaper

  • Race: Zerg Zerg
  • League: Platinum
  • Spawn Location: 9:00

MrFercho - Winner!

  • Race: Zerg Zerg
  • League: Gold
  • Spawn Location: 3:00

TATORREA - Winner!

  • Race: Protoss Protoss
  • League: Gold
  • Spawn Location: 12:00

VOD

Have the link to the VOD?

Description

Time

  • Played on: Aug. 13, 2020, 9:32 p.m.
  • Length: 8:38
Show
View Real Time Build Order
Export as new Build Order

kakashi Terran 

Build Orders:  

Get SALT Encoding   

  12  0:01  SCV  
  13  0:21  Supply Depot  
  13  0:29  SCV  
  14  0:48  Barracks  
  14  0:53  Refinery, SCV  
  15  1:05  SCV  
  16  1:21  SCV  
  17  1:36  Barracks, SCV  
  17  1:39  Marine  
  19  1:49  SCV  
  20  2:00  Supply Depot  
  20  2:04  SCV  
  20  2:05  Refinery  
  21  2:10  Reaper  
  22  2:16  SCV  
  23  2:25  Supply Depot x2  
  23  2:35  Marine  
  24  2:54  Factory  
  24  3:00  Command Center  
  24  3:06  SCV  
  24  3:12  Marine  
  26  3:19  SCV  
  27  3:31  SCV  
  28  3:43  Barracks Reactor, SCV  
  28  3:47  Barracks Tech Lab  
  29  3:50  Hellion  
  29  3:55  SCV  
  32  4:07  SCV  
  33  4:12  Hellion  
  35  4:19  SCV  
  35  4:22  Marine x3  
  39  4:31  SCV  
  40  4:40  Marine  
  40  4:43  SCV  
  42  4:46  Factory Reactor  
  42  4:50  Orbital Command, Refinery  
  42  4:54  Marine  
  42  4:55  Marine  
  42  4:57  Marine  
  45  5:12  Marine  
  46  5:16  Refinery  
  43  5:33  Orbital Command  
  43  5:39  Starport  
  43  5:45  Barracks  
  35  5:50  Marine x3  
  35  5:52  Hellion  
  40  6:07  Marine  
  42  6:11  Hellion  
  42  6:13  Hellion  
  42  6:17  Starport  
  40  6:22  SCV x2  
  29  6:32  Hellion  
  29  6:34  Barracks, SCV x2  
  29  6:38  Marine  
  29  6:39  Marine  
  22  6:46  SCV x2  
  24  6:48  Hellion  
  24  6:52  Marine  
  24  6:58  SCV x2  
  13  7:10  Marine x2  
  16  7:22  SCV  
  16  7:23  SCV  
  16  7:26  Refinery  
  16  7:27  Marine  
  16  7:28  Marine  
  19  7:35  SCV x2  
  19  7:36  Hellion  
  23  7:45  Marine  
  23  7:47  SCV x2  
  26  7:52  Marine  
  27  7:59  SCV x2  
  27  8:03  Marine  
  25  8:06  Hellion x2  
  25  8:09  Marine  
Show
View Real Time Build Order
Export as new Build Order

Reaper Zerg 

Build Orders: Pool First 

Get SALT Encoding   

  12  0:00  Drone  
  13  0:15  Drone  
  13  0:17  Overlord  
  14  0:40  Spawning Pool  
  14  0:41  Drone  
  14  0:50  Drone x2  
  14  0:56  Extractor  
  15  1:01  Overlord  
  15  1:31  Zergling x6  
  18  1:50  Hatchery  
  17  1:59  Zergling x2  
  17  2:00  Zergling x2  
  19  2:01  Metabolic Boost  
  19  2:06  Zergling x2  
  20  2:20  Zergling x2  
  20  3:02  Zergling x2  
  21  3:14  Lair  
  21  3:18  Extractor, Drone x5  
  25  3:21  Queen  
  27  3:42  Drone x4  
  31  3:54  Baneling Nest  
  30  4:04  Drone x4  
  34  4:14  Overlord  
  34  4:15  Overlord  
  34  4:28  Overlord x2  
  34  4:32  Queen  
  34  4:38  Centrifical Hooks  
  36  4:41  Drone x2  
  36  4:42  Drone  
  39  4:53  Overlord  
  39  5:04  Infestation Pit  
  38  5:08  Drone  
  38  5:09  Drone x2  
  41  5:23  Drone x2  
  41  5:24  Drone x5  
  48  5:29  Baneling x6  
  48  5:30  Baneling x2  
  48  5:36  Overlord x2  
  41  6:07  Zergling x10  
  41  6:08  Zergling x4  
  48  6:22  Drone x3  
  51  6:32  Baneling x5  
  50  6:33  Baneling x4  
  50  6:36  Zergling x4  
  52  6:43  Extractor  
  52  6:45  Extractor  
  52  6:46  Zergling x2  
  52  6:47  Zergling x6  
  52  6:56  Zergling x6  
  55  7:06  Zergling x4  
  50  7:17  Zergling x8  
  50  7:24  Zergling x4  
  50  7:25  Zergling x2  
  50  7:31  Zergling x2  
  50  7:36  Zergling x2  
  44  7:56  Zergling x2  
  44  7:57  Zergling x8  
  49  8:04  Zergling x2  
  49  8:05  Zergling x6  
  51  8:12  Zergling x2  
  48  8:19  Drone x3  
  35  8:20  Drone  
Show
View Real Time Build Order
Export as new Build Order

MrFercho Zerg - Winner!

Build Orders: Hatch First 

Get SALT Encoding   

  12  0:00  Drone  
  13  0:13  Overlord  
  13  0:18  Drone  
  14  0:33  Drone x2  
  16  0:52  Hatchery  
  16  0:53  Drone  
  16  0:58  Drone  
  16  1:02  Drone  
  18  1:13  Extractor  
  17  1:19  Spawning Pool  
  17  1:21  Drone  
  17  1:24  Drone  
  18  1:28  Drone  
  19  1:47  Drone  
  20  2:16  Metabolic Boost  
  20  2:22  Zergling x10  
  25  2:26  Queen  
  25  2:27  Overlord  
  27  2:44  Queen  
  29  3:04  Lair  
  29  3:08  Drone x6  
  35  3:31  Overlord x2  
  35  3:32  Overlord  
  35  3:49  Queen  
  37  4:04  Drone x9  
  37  4:07  Extractor x2  
  44  4:13  Baneling Nest  
  44  4:14  Drone  
  44  4:42  Drone x3  
  44  4:43  Drone x3  
  44  4:44  Overlord  
  50  5:02  Centrifical Hooks  
  50  5:06  Drone x3  
  53  5:07  Evolution Chamber  
  53  5:09  Drone  
  53  5:15  Zergling x12  
  53  5:20  Baneling x6  
  53  5:21  Baneling x3  
  59  5:33  Zerg Melee Weapons Level 1  
  59  5:36  Hatchery  
  58  5:49  Hydralisk Den, Drone  
  58  6:26  Zergling x4  
  58  6:27  Overlord x4  
  58  6:32  Grooved Spines  
  58  6:42  Zergling x4  
  56  7:12  Zergling x6  
  56  7:13  Zergling x18  
  61  7:16  Zergling x2  
  61  7:17  Zergling x2  
  61  7:46  Evolution Chamber  
  60  7:56  Zergling x20  
  68  8:12  Zergling x2  
  68  8:13  Zergling x18  
  71  8:20  Extractor  
  72  8:37  Hatchery  
Show
View Real Time Build Order
Export as new Build Order

TATORREA Protoss - Winner!

Build Orders:  

Get SALT Encoding   

  12  0:03  Probe  
  13  0:15  Probe  
  14  0:24  Pylon  
  14  0:27  Probe  
  15  0:43  Probe  
  15  0:49  Gateway  
  16  0:55  Probe  
  17  1:07  Probe  
  17  1:09  Gateway  
  18  1:19  Assimilator, Probe  
  18  1:21  Pylon  
  19  1:29  Assimilator  
  19  1:31  Probe  
  20  1:42  Cybernetics Core  
  20  1:43  Probe  
  21  1:53  Pylon  
  21  1:55  Probe  
  22  2:07  Probe  
  22  2:17  Gateway  
  22  2:19  Shield Battery  
  22  2:26  Warp Gate  
  22  2:29  Adept x2 (Chrono Boost)  
  26  2:40  Twilight Council  
  26  3:06  Adept x2  
  26  3:08  Adept  
  26  3:12  Resonating Glaives (Chrono Boost)  
  32  3:17  Robotics Facility  
  32  3:31  Probe  
  33  3:38  Stalker (Chrono Boost)  
  35  4:09  Nexus  
  35  4:12  Pylon  
  35  4:14  Pylon  
  35  4:17  Probe  
  35  4:21  Adept  
  38  4:52  Probe  
  39  5:01  Immortal  
  39  5:04  Probe  
  39  5:05  Adept  
  46  5:09  Adept  
  48  5:40  Immortal  
  52  5:43  Probe x2  
  54  5:55  Probe x2  
  42  6:07  Probe x2  
  42  6:18  Stalker x2  
  42  6:19  Probe x2  
  42  6:21  Immortal  
  52  6:29  Gateway  
  52  6:31  Probe  
  53  6:32  Gateway  
  53  7:23  Probe x2  
  53  7:26  Stalker  
  53  7:27  Stalker x2  
  61  7:30  Immortal  
  61  7:34  Stalker  
  61  7:35  Probe x2  
  61  7:39  Assimilator  
  61  7:42  Assimilator  
  61  7:44  Gateway  
  61  7:46  Gateway  
  61  7:47  Probe x2  
  61  7:48  Gateway  
  61  7:49  Gateway  
  57  7:59  Probe  
  58  8:13  Stalker x3  
  58  8:14  Stalker  
  58  8:15  Probe x2  
Tags
 
Add a new tag
Caveats
  • Supply blocks, unpowered buildings, or Contaminate may cause inaccurate times.
  • Supply counts are checked every 10 seconds.